 Dungeon Sprint DCSS version 0.21.2 (webtiles) character file.

18885 Fang the Severer (level 12, -4/90 HPs)
             Began as a Gargoyle Berserker on Sept 26, 2018.
             Was a High Priest of Trog.
             Slain by an alligator snapping turtle (10 damage)
             ... in the Dungeon (Sprint IX: "|||||||||||||||||||||||||||||").
             The game lasted 00:08:06 (3454 turns).

Fang the Severer (Gargoyle Berserker)               Turns: 3454, Time: 00:08:07

Health: -4/90      AC: 26    Str: 28    XL:     12   Next: 63%
Magic:  4/4        EV: 15    Int: 13    God:    Trog [*****.]
Gold:   1450       SH:  0    Dex:  9    Spells: 11/11 levels left

rFire    . . .     SeeInvis .   u - +6 executioner's axe (antimagic)
rCold    . . .     Gourm    .   (shield currently unavailable)
rNeg     + + .     Faith    .   p - +3 ring mail "Naqatso" {rElec rN+ Int+4}
rPois    ∞         Spirit   .   z - +1 helmet
rElec    +         Reflect  .   y - +1 cloak
rCorr    .         Harm     .   (no gloves)
MR       .....     NoTele   +   (no boots)
Stlth    ++........             (no amulet)
HPRegen  0.25/turn              n - +2 ring of protection
MPRegen  0.09/turn              o - +3 ring of strength

@: berserk cooldown, mesmerised, slowed, very slow
A: negative energy resistance 1, electricity resistance, unbreathing,
petrification resistance, rot immunity, AC +8
a: Berserk, Trog's Hand, Brothers in Arms, Burn Spellbooks, Renounce Religion


You were in the Dungeon.
You worshipped Trog.
Trog was extremely pleased with you.
You were near starving.

You visited 1 branch You collected 1867 gold pieces.
You spent 417 gold pieces at shops.

Inventory:

Hand Weapons
 m - a +3 war axe of venom
 u - a +6 antimagic executioner's axe (weapon)
Armour
 p - the +3 ring mail "Naqatso" (worn) {rElec rN+ Int+4}
   (You bought it in a shop in the Dungeon)

   It affects your intelligence (+4).
   It insulates you from electricity.
   It protects you from negative energy.
 t - a +2 robe of positive energy
 y - a +1 cloak (worn)
 z - a +1 helmet (worn)
Jewellery
 n - a +2 ring of protection (left hand)
 o - a +3 ring of strength (right hand)
 v - an uncursed ring of protection from cold
 w - an uncursed ring of protection from fire
 x - an uncursed ring of protection from magic
Wands
 l - a wand of acid (10)
Scrolls
 a - a scroll of identify
 i - 2 scrolls of blinking
 k - 5 scrolls of remove curse
 q - 7 scrolls of enchant armour
 r - 2 scrolls of fog
 B - a scroll of fear
Potions
 b - a potion of brilliance {unknown}
 d - 6 potions of curing
 e - 6 potions of heal wounds
 f - 5 potions of haste
 g - 4 potions of magic
 h - 4 potions of berserk rage
 j - a potion of invisibility
 A - 2 potions of might
Comestibles
 c - 9 rations


   Skills:
 + Level 16.8 Fighting
 + Level 19.9 Axes
 + Level 11.8 Armour
 + Level 9.4 Dodging
 + Level 4.6 Stealth


You had 11 spell levels left.
You didn't know any spells.

Dungeon Overview and Level Annotations

Branches:
Dungeon (1/1)

Altars:
Cheibriados
Dithmenos
Elyvilon
Fedhas
Gozag
Hepliaklqana
Kikubaaqudgha
Makhleb
Nemelex Xobeh
Okawaru
Qazlal
Ru
Sif Muna
Trog
Uskayaw
Vehumet
Wu Jian
Xom
Yredelemnul
Zin
The Shining One
Beogh
Jiyva
Lugonu

Shops:
D [[[!


Innate Abilities, Weirdness & Mutations

You are resistant to torment.
Your stone body is resilient. (AC +8)
You are immune to poison.
You resist negative energy. (rN+)
You are resistant to electric shocks. (rElec)
You can survive without breathing.
You are immune to petrification.
You are immune to rotting.


Message History

You feel much better. The wind drake flaps its wings at you.
The air twists around and strikes you!
The merfolk siren chants its luring song. x2
The alligator snapping turtle bites you!
You slash the alligator snapping turtle!
The alligator snapping turtle is almost dead.
The merfolk siren chants its luring song. x2
The alligator snapping turtle bites you!!
* * * LOW HITPOINT WARNING * * *
The wind drake flaps its wings at you. The air twists around and strikes you!
Unknown command.
You are near starving!
You slash the alligator snapping turtle!
The alligator snapping turtle is almost dead.
The merfolk siren chants its luring song. x2
Your iron troll rages.
The alligator snapping turtle bites you!
You die...

÷▓.▓.▓.▓.▓.▓.▓.▓.▓
.▓.▓.▓.▓.▓.▓.▓.▓.▓
.▓.▓'▓.▓.▓.▓.▓.▓.▓
.▓.▓.▓.▓.▓)▓.▓.▓.▓
.▓.▓.▓.▓.▓.▓'▓.▓.▓
†▓.▓.▓.▓.▓.▓.▓.▓.▓
)▓.▓.▓.▓.▓.▓.▓.▓.▓
†▓.▓.▓.▓)▓.▓=▓.▓T▓
.▓.▓.▓.▓)▓.▓.▓.▓@▓
.▓.▓.▓.▓)▓.▓.▓.▓t▓
.▓.▓.▓.▓)▓.▓)▓.▓k▓
'▓.▓.▓.▓[▓.▓)▓.▓S▓
_▓.▓.▓.▓)▓.▓)▓.▓m▓
_▓.▓)▓.▓.▓.▓)▓.▓m▓
_▓.▓.▓.▓)▓.▓)▓.▓m▓
_▓.▓.▓.▓)▓.▓)▓.▓t▓
_▓.▓'▓)▓.▓.▓)▓p▓.▓


You could see an alligator snapping turtle, a merfolk impaler, a sea snake, a
snapping turtle, a wind drake, 2 merfolk sirens and a friendly iron troll
(berserk).

Vanquished Creatures
  Kirke (D)
  Erolcha (D)
  A hydra (D)
  4 two-headed ogres (D)
  An ogre mage (D)
  2 lindwurms (D)
  A black mamba (D)
  A gargoyle (D)
  2 spiny frogs (D)
  Psyche (D)
  2 komodo dragons (D)
  2 tyrant leeches (D)
  A slime creature (D)
  3 hippogriffs (D)
  A shadow (D)
  2 wyverns (D)
  2 yaks (D)
  A vampire (D)
  Eustachio (D)
  A basilisk (D)
  A hog (D)
  A hungry ghost (D)
  An acid dragon (D)
  A water moccasin (D)
  2 porcupines (D)
  An orc warrior (D)
  2 ogres (D)
  A crocodile (D)
  3 bullfrogs (D)
  A killer bee (D)
  2 howler monkeys (D)
  A crimson imp (D)
  An orc wizard (D)
  2 iguanas (D)
  2 worker ants (D)
  A gnoll (D)
  2 orcs (D)
  A bat zombie (D)
  A goblin (D)
  A hobgoblin (D)
  A kobold (D)
  2 quokkas (D)
  A ball python (D)
  A frilled lizard (D)
64 creatures vanquished.

Vanquished Creatures (collateral kills)
  A very ugly thing (D)
  A fire dragon (D)
  2 yaktaur captains (D)
  4 ogre magi (D)
  A rakshasa (D)
  A two-headed ogre (D)
  A wizard (D)
  A lindwurm (D)
  5 orc knights (D)
  An orc sorcerer (D)
  2 tyrant leeches (D)
  A porcupine (D)
  7 orc warriors (D)
  3 ogres (D)
  A bullfrog (D)
  4 orc priests (D)
  3 orc wizards (D)
  A worm (D)
  2 orcs (D)
42 creatures vanquished.

Vanquished Creatures (others)
  A human (D)
1 creature vanquished.

Grand Total: 107 creatures vanquished

Notes
Turn   | Place    | Note
-------+----------+-------------------------------------------
     0 | D        | Fang the Gargoyle Berserker began the quest for the Orb.
     0 | D        | Reached XP level 1. HP: 14/14 MP: 1/1
     5 | D        | Reached skill level 3 in Axes
     8 | D        | Reached ** piety under Trog
   203 | D        | Noticed a worker ant
   205 | D        | Reached XP level 2. HP: 20/20 MP: 2/2
   210 | D        | Reached *** piety under Trog
   210 | D        | Reached skill level 4 in Axes
   216 | D        | Reached skill level 5 in Fighting
   216 | D        | Reached skill level 5 in Axes
   216 | D        | Reached XP level 3. HP: 26/26 MP: 3/3
   366 | D        | Found a roughly hewn altar of Beogh.
   366 | D        | Found a snail-covered altar of Cheibriados.
   366 | D        | Found a shadowy altar of Dithmenos.
   366 | D        | Found a white marble altar of Elyvilon.
   366 | D        | Found a blossoming altar of Fedhas.
   366 | D        | Found an opulent altar of Gozag.
   367 | D        | Found a hazy altar of Hepliaklqana.
   368 | D        | Found a viscous altar of Jiyva.
   369 | D        | Found an ancient bone altar of Kikubaaqudgha.
   370 | D        | Found a corrupted altar of Lugonu.
   371 | D        | Found a burning altar of Makhleb.
   372 | D        | Found a sparkling altar of Nemelex Xobeh.
   373 | D        | Found an iron altar of Okawaru.
   374 | D        | Found a stormy altar of Qazlal.
   375 | D        | Found a sacrificial altar of Ru.
   376 | D        | Found a deep blue altar of Sif Muna.
   377 | D        | Found a bloodstained altar of Trog.
   378 | D        | Found a hide-covered altar of Uskayaw.
   379 | D        | Found a radiant altar of Vehumet.
   380 | D        | Found an ornate altar of the Wu Jian Council.
   381 | D        | Found a shimmering altar of Xom.
   382 | D        | Found a basalt altar of Yredelemnul.
   383 | D        | Found a glowing silver altar of Zin.
   384 | D        | Found a glowing golden altar of the Shining One.
   429 | D        | Noticed a killer bee
   429 | D        | Noticed a wyvern
   429 | D        | Noticed a bullfrog
   429 | D        | Noticed a wyvern
   436 | D        | Killed a killer bee
   436 | D        | Reached **** piety under Trog
   436 | D        | Reached skill level 6 in Axes
   436 | D        | Reached XP level 4. HP: 32/32 MP: 4/4
   440 | D        | Killed a wyvern
   440 | D        | Reached skill level 8 in Axes
   440 | D        | Reached skill level 5 in Armour
   440 | D        | Reached XP level 5. HP: 39/39 MP: 5/5
   440 | D        | Reached XP level 6. HP: 44/44 MP: 6/6
   452 | D        | Reached skill level 9 in Axes
   452 | D        | Reached skill level 1 in Stealth
   457 | D        | Killed a wyvern
   457 | D        | Reached ***** piety under Trog
   457 | D        | Reached XP level 7. HP: 34/51 MP: 7/7
   570 | D        | Noticed a slime creature
   570 | D        | Noticed a yak
   570 | D        | Noticed a two-headed ogre
   572 | D        | Reached skill level 10 in Axes
   576 | D        | Killed a slime creature
   576 | D        | Reached skill level 10 in Fighting
   582 | D        | Killed a yak
   582 | D        | Reached skill level 11 in Axes
   582 | D        | Reached XP level 8. HP: 59/59 MP: 8/8
   591 | D        | Killed a two-headed ogre
   591 | D        | Received a gift from Trog
   591 | D        | Reached skill level 12 in Axes
   591 | D        | Reached skill level 5 in Dodging
   845 | D        | Noticed a four-headed hydra
   845 | D        | Noticed a black mamba
   845 | D        | Noticed a spiny frog
   856 | D        | Killed an 11-headed hydra
   856 | D        | Reached skill level 13 in Axes
   856 | D        | Reached XP level 9. HP: 29/66 MP: 3/9
   863 | D        | Killed a black mamba
   872 | D        | Killed a spiny frog
   872 | D        | Reached skill level 14 in Axes
   888 | D        | Received a gift from Trog
   899 | D        | Reached XP level 10. HP: 22/73 MP: 3/10
  1240 | D        | Noticed a spiny frog
  1244 | D        | Killed a spiny frog
  1247 | D        | Received a gift from Trog
  1247 | D        | Reached skill level 15 in Axes
  1399 | D        | Noticed a lindwurm
  1399 | D        | Noticed a lindwurm
  1399 | D        | Noticed a lindwurm
  1405 | D        | Killed a lindwurm
  1405 | D        | Received a gift from Trog
  1411 | D        | Killed a lindwurm
  1411 | D        | Reached ****** piety under Trog
  1411 | D        | Reached skill level 16 in Axes
  1419 | D        | Reached skill level 10 in Armour
  1439 | D        | Killed a lindwurm
  1439 | D        | Reached XP level 11. HP: 12/80 MP: 3/11
  1793 | D        | Noticed Erolcha
  1804 | D        | Killed Erolcha
  1804 | D        | Reached skill level 17 in Axes
  1902 | D        | Noticed Eustachio
  1908 | D        | Killed Eustachio
  1908 | D        | Received a gift from Trog
  2025 | D        | Noticed an orc knight
  2041 | D        | Killed an orc knight
  2046 | D        | Received a gift from Trog
  2240 | D        | Noticed an orc knight
  2240 | D        | Noticed an orc knight
  2240 | D        | Noticed an orc knight
  2254 | D        | Noticed an orc sorcerer
  2255 | D        | Killed an orc knight
  2258 | D        | Killed an orc knight
  2262 | D        | Noticed a soul eater
  2266 | D        | Killed an orc knight
  2269 | D        | Killed an orc sorcerer
  2269 | D        | Received a gift from Trog
  2270 | D        | Noticed an orc knight
  2276 | D        | Killed an orc knight
  2312 | D        | Found Tias's Antique Armour Emporium.
  2312 | D        | Noticed a two-headed ogre
  2312 | D        | Noticed an ogre mage
  2312 | D        | Noticed an ogre mage
  2316 | D        | Killed a two-headed ogre
  2316 | D        | Received a gift from Trog
  2318 | D        | Killed an ogre mage
  2320 | D        | Noticed an ogre mage
  2324 | D        | Killed an ogre mage
  2324 | D        | Reached skill level 15 in Fighting
  2324 | D        | Reached skill level 18 in Axes
  2326 | D        | Killed an ogre mage
  2327 | D        | Received a gift from Trog
  2332 | D        | Found Irea's Antique Armour Shoppe.
  2336 | D        | Found Fonolib's Armour Emporium.
  2338 | D        | Noticed a two-headed ogre
  2339 | D        | Found Inyat's Distillery.
  2340 | D        | Noticed an ogre mage
  2359 | D        | Killed a two-headed ogre
  2362 | D        | Noticed a two-headed ogre
  2364 | D        | Killed an ogre mage
  2366 | D        | Noticed a two-headed ogre
  2372 | D        | Killed a two-headed ogre
  2377 | D        | Killed a two-headed ogre
  2377 | D        | Reached XP level 12. HP: 21/88 MP: 4/12
  2668 | D        | Bought a bloodstained ring mail for 261 gold pieces
  2678 | D        | Identified the +3 ring mail "Naqatso" {rElec rN+ Int+4} (You bought it in a shop in the Dungeon)
  2684 | D        | Bought a potion of curing for 36 gold pieces
  2684 | D        | Bought 2 potions of heal wounds for 120 gold pieces
  2754 | D        | Noticed Psyche
  2762 | D        | Killed Psyche
  2897 | D        | Received a gift from Trog
  2907 | D        | Reached skill level 19 in Axes
  2908 | D        | Noticed a rakshasa
  2917 | D        | Noticed an ogre mage
  2922 | D        | Noticed a yaktaur captain
  2928 | D        | Noticed a yaktaur captain
  2929 | D        | Killed a rakshasa
  2931 | D        | Noticed a green very ugly thing
  2931 | D        | Killed an ogre mage
  2931 | D        | Received a gift from Trog
  2936 | D        | Killed a yaktaur captain
  2948 | D        | Killed a yaktaur captain
  2951 | D        | Killed a green very ugly thing
  2955 | D        | Noticed a fire dragon
  2961 | D        | Killed a fire dragon
  3318 | D        | Noticed Kirke
  3330 | D        | Killed Kirke
  3434 | D        | Noticed an alligator snapping turtle
  3434 | D        | Noticed a merfolk impaler
  3454 | D        | Slain by an alligator snapping turtle

Skill      XL: |  1  2  3  4  5  6  7  8  9 10 11 12 |
---------------+-------------------------------------+-----
Axes           | 3 5 6 8 9 11 13 14 16 18 19 | 19.9
Fighting       | 4 5 6 8 9 10 12 13 14 15 16 | 16.8
Dodging        | 2 3 4 5 6 8 9 |  9.4
Armour         | 3 5 6 8 10 11 | 11.8
Stealth        | 1 2 3 4 |  4.6

Action                   |  1- 3 |  4- 6 |  7- 9 | 10-12 || total
-------------------------+-------+-------+-------+-------++-------
Melee: Hand axe          |    27 |       |       |       ||    27
       War axe           |     6 |    20 |    24 |       ||    50
       Battleaxe         |       |       |    42 |    94 ||   136
       Executioner's axe |       |       |       |    42 ||    42
Invok: Berserk           |     2 |       |     2 |     6 ||    10
       Brothers in Arms  |       |       |     1 |    10 ||    11
       Burn Spellbooks   |       |       |       |     1 ||     1
  Use: Scroll            |       |       |       |     4 ||     4
       Potion            |       |       |       |     1 ||     1
  Eat: Chunk             |       |       |     2 |    11 ||    13
       Ration            |       |       |       |     2 ||     2
Armor: Animal skin       |     3 |       |       |       ||     3
       Scale mail        |     4 |    11 |    44 |    18 ||    77
       Robe              |       |       |       |     5 ||     5
       Ring mail         |       |       |       |    24 ||    24
Dodge: Dodged            |    17 |     5 |    50 |    81 ||   153
